 Dungeon Crawl Stone Soup version 0.21-a0-633-g4c047d5 (webtiles) character file.

207 TheGoonsmith the Vexing (level 5, -5/41 HPs)
             Began as a Gnoll Arcane Marksman on Dec 28, 2017.
             Slain by an orc wizard
             ... wielding a +0 dagger
              (7 damage)
             ... on level 2 of the Dungeon.
             The game lasted 00:04:04 (2682 turns).

TheGoonsmith the Vexing (Gnoll Arcane Marksman)     Turns: 2682, Time: 00:04:05

Health: -5/41      AC:  3    Str: 13    XL:     5   Next: 85%
Magic:  9/9        EV: 15    Int: 15    God:
Gold:   116        SH:  0    Dex: 16    Spells: 5/10 levels left

rFire    . . .     SeeInvis .   a - +0 hunting sling
rCold    . . .     Gourm    .   (no shield)
rNeg     . . .     Faith    .   e - +0 robe
rPois    .         Spirit   .   (no helmet)
rElec    .         Reflect  .   (no cloak)
rCorr    .         Harm     .   r - +0 pair of gloves
MR       .....                  (no boots)
Stlth    ++........             (no amulet)
HPRegen  0.13/turn              (no ring)
MPRegen  0.11/turn              (no ring)

@: no status effects
A: distributed training, fangs 1, strong nose
a: no special abilities


You were on level 2 of the Dungeon.
You were very hungry.

You visited 1 branch of the dungeon, and saw 3 of its levels.

You collected 116 gold pieces.

Inventory:

Hand Weapons
 a - a +0 hunting sling (weapon)
Missiles
 d - 39 sling bullets
 j - 25 stones (quivered)
Armour
 e - a +0 robe (worn)
 r - a +0 pair of gloves (worn)
Wands
 u - a wand of random effects (20)
 w - a wand of polymorph (5)
Scrolls
 b - 2 scrolls of remove curse {unknown}
 m - 4 scrolls of teleportation {unknown}
 n - 4 scrolls of identify {unknown}
 o - a scroll of noise {unknown}
 q - a scroll of fear {unknown}
 s - 2 scrolls of enchant armour {unknown}
 v - a scroll of blinking {unknown}
Potions
 g - 2 potions of brilliance {unknown}
 h - a potion of mutation {unknown}
 i - 3 potions of might {unknown}
 k - a potion of flight {unknown}
 l - a potion of curing {unknown}
 p - a potion of haste {unknown}
 t - 2 potions of lignification {unknown}
 x - a potion of berserk rage {unknown}
 z - 2 potions of heal wounds {unknown}
Books
 c - a book of Debilitation

   Spells                             Type                      Level
   a - Corona                         Hexes                        1
   b - Slow                           Hexes                        2
   c - Inner Flame                    Hexes/Fire                   3
   d - Portal Projectile              Hexes/Translocation          3
   e - Cause Fear                     Hexes                        4
   f - Leda's Liquefaction            Hexes/Earth                  4
 y - a book of Misfortune

   Spells                             Type                      Level
   a - Confusing Touch                Hexes                        1
   b - Confuse                        Hexes                        3
   c - Gell's Gravitas                Translocation                3
   d - Petrify                        Transmutation/Earth          4
   e - Metabolic Englaciation         Hexes/Ice                    5
   f - Yara's Violent Unravelling     Hexes/Transmutation          5
Comestibles
 f - 4 rations


   Skills:
 + Level 3.0 Fighting
 + Level 1.6 Short Blades
 + Level 1.6 Long Blades
 + Level 1.6 Axes
 + Level 1.6 Maces & Flails
 + Level 1.6 Polearms
 + Level 1.6 Staves
 + Level 4.8 Slings
 + Level 1.6 Bows
 + Level 1.6 Crossbows
 + Level 1.6 Throwing
 + Level 1.6 Armour
 + Level 4.8 Dodging
 + Level 1.6 Stealth
 + Level 1.6 Shields
 + Level 1.6 Unarmed Combat
 + Level 3.2 Spellcasting
 + Level 1.3 Conjurations
 + Level 5.6 Hexes
 + Level 1.3 Charms
 + Level 1.3 Summonings
 + Level 1.3 Necromancy
 + Level 1.3 Translocations
 + Level 1.3 Transmutations
 + Level 1.3 Fire Magic
 + Level 1.3 Ice Magic
 + Level 1.3 Air Magic
 + Level 1.3 Earth Magic
 + Level 1.3 Poison Magic
 + Level 1.8 Invocations
 + Level 1.6 Evocations


You had 5 spell levels left.
You knew the following spells:

 Your Spells              Type           Power        Failure   Level  Hunger
a - Cause Fear            Hex            ###.......   19%         4    #####..
b - Corona                Hex            ###....      1%          1    #......


Dungeon Overview and Level Annotations

Branches:
Dungeon (3/15)

Altars:


Innate Abilities, Weirdness & Mutations

Your experience applies equally to all skills.
You have very sharp teeth.
Your uncanny sense of smell can sniff out nearby items.


Message History

The orc is severely wounded.
The orc barely misses you.
Firing (i - inventory. (,) - cycle):
j - 27 stones (quivered)
Press: ? - help, Shift-Dir - straight line, f/p - orc
Aim: an orc, wielding a short sword (severely wounded)
You shoot a stone. The stone barely misses the orc.
The stone hits the orc wizard.
The orc wizard is severely wounded.
The orc barely misses you. The orc barely misses you.
Firing (i - inventory. (,) - cycle):
j - 26 stones (quivered)
Press: ? - help, Shift-Dir - straight line, f/p - orc
Aim: an orc, wielding a short sword (severely wounded)
You shoot a stone. The stone hits the orc.
You kill the orc!
The orc wizard gestures at you while chanting.
The magic dart hits you!
* * * LOW HITPOINT WARNING * * *
The orc wizard hits you with a dagger!
You die...

#.# #.# #.# #.#
#.# #.# ..# #.#
#.# ### #.#### #[#
#....# #.# ##.##.#
#)# ##...#.# #.#
####......######.#
#......[....@o(o.#
#.##.....##.###..#
#.###...###.# #..#
#.# #######.###>.#
#.# #..........# #
#.# #.###.###..# #
#.# #.# #.# #o.# #
#.# #.# #.# #..# #
#.#####.###.###..#


You could see 2 orc wizards.

Vanquished Creatures
  Jessica (D:2)
  Ijyb (D:2)
  9 adders
  3 worms (D:2)
  A dart slug (D:2)
  2 leopard geckos
  An orc (D:2)
  2 giant cockroaches
  3 hobgoblins
  8 jackals
  3 ball pythons (D:1)
  3 bats
  2 frilled lizards (D:1)
  13 goblins
  4 kobolds
  7 rats
63 creatures vanquished.

Notes
Turn   | Place    | Note
-------+----------+-------------------------------------------
     0 | D:1      | TheGoonsmith the Gnoll Arcane Marksman began the quest for the Orb.
     0 | D:1      | Reached XP level 1. HP: 17/17 MP: 4/4
   176 | D:1      | Reached XP level 2. HP: 23/23 MP: 5/5
   860 | D:1      | Reached XP level 3. HP: 28/28 MP: 7/7
  1127 | D:2      | Reached skill level 1 in Invocations
  1142 | D:2      | Reached skill level 1 in Short Blades
  1142 | D:2      | Reached skill level 1 in Long Blades
  1142 | D:2      | Reached skill level 1 in Axes
  1142 | D:2      | Reached skill level 1 in Maces & Flails
  1142 | D:2      | Reached skill level 1 in Polearms
  1142 | D:2      | Reached skill level 1 in Staves
  1142 | D:2      | Reached skill level 1 in Bows
  1142 | D:2      | Reached skill level 1 in Crossbows
  1142 | D:2      | Reached skill level 1 in Throwing
  1142 | D:2      | Reached skill level 1 in Armour
  1142 | D:2      | Reached skill level 1 in Stealth
  1142 | D:2      | Reached skill level 1 in Shields
  1142 | D:2      | Reached skill level 1 in Unarmed Combat
  1142 | D:2      | Reached skill level 1 in Evocations
  1180 | D:2      | Reached XP level 4. HP: 13/34 MP: 8/8
  1517 | D:2      | Reached skill level 1 in Conjurations
  1517 | D:2      | Reached skill level 1 in Charms
  1517 | D:2      | Reached skill level 1 in Summonings
  1517 | D:2      | Reached skill level 1 in Necromancy
  1517 | D:2      | Reached skill level 1 in Translocations
  1517 | D:2      | Reached skill level 1 in Transmutations
  1517 | D:2      | Reached skill level 1 in Fire Magic
  1517 | D:2      | Reached skill level 1 in Ice Magic
  1517 | D:2      | Reached skill level 1 in Air Magic
  1517 | D:2      | Reached skill level 1 in Earth Magic
  1517 | D:2      | Reached skill level 1 in Poison Magic
  1523 | D:2      | Learned a level 4 spell: Cause Fear
  1620 | D:2      | Noticed Ijyb
  1668 | D:2      | Reached XP level 5. HP: 33/40 MP: 9/9
  1680 | D:2      | Killed Ijyb
  1839 | D:2      | Noticed Jessica
  1848 | D:2      | Killed Jessica
  2681 | D:2      | HP: 2/41 [orc wizard/magic dart (6)]
  2682 | D:2      | Slain by an orc wizard

Vault maps used:
D:1:      matt_arrival_grand_opening
D:2:      kennysheep_the_goblin_king, first_ration, uniq_jessica
D:3:      kennysheep_slugbush

Skill      XL: |  1  2  3  4  5 |
---------------+----------------+-----
Invocations    | 1 |  1.8
Short Blades   | 1 |  1.6
Long Blades    | 1 |  1.6
Axes           | 1 |  1.6
Maces & Flails | 1 |  1.6
Polearms       | 1 |  1.6
Staves         | 1 |  1.6
Bows           | 1 |  1.6
Crossbows      | 1 |  1.6
Throwing       | 1 |  1.6
Armour         | 1 |  1.6
Stealth        | 1 |  1.6
Shields        | 1 |  1.6
Unarmed Combat | 1 |  1.6
Evocations     | 1 |  1.6
Spellcasting   | 3 |  3.2
Conjurations   | 1 |  1.3
Charms         | 1 |  1.3
Summonings     | 1 |  1.3
Necromancy     | 1 |  1.3
Translocations | 1 |  1.3
Transmutations | 1 |  1.3
Fire Magic     | 1 |  1.3
Ice Magic      | 1 |  1.3
Air Magic      | 1 |  1.3
Earth Magic    | 1 |  1.3
Poison Magic   | 1 |  1.3
Fighting       | 3 |  3.0
Slings         | |  4.8
Dodging        | |  4.8
Hexes          | |  5.6

Action                   |  1- 3 |  4- 6 || total
-------------------------+-------+-------++-------
Melee: Unarmed           |       |    14 ||    14
 Fire: Hunting sling     |   106 |   163 ||   269
 Cast: Corona            |     2 |       ||     2
  Eat: Chunk             |     1 |     3 ||     4
Armor: Robe              |    12 |    21 ||    33
       Skin              |       |     1 ||     1
Dodge: Dodged            |    41 |    69 ||   110

Table legend:
 A = Spawn XP
 B = Non-spawn XP
 C = Spawn XP percentage of total XP
 D = Spawn monster count
 E = Non-spawn monster count
 F = Spawn count percentage of total count
 G = Total turns spent on level
                    A         B        C        D         E        F      G
               +---------+---------+-------+---------+---------+-------+---------
         Total |       0 |     296 |   0.0 |       0 |      63 |   0.0 |  2682
               +---------+---------+-------+---------+---------+-------+---------
           D:1 |       0 |      50 |   0.0 |       0 |      24 |   0.0 |  1272
           D:2 |       0 |     244 |   0.0 |       0 |      38 |   0.0 |  1387
           D:3 |       0 |       2 |   0.0 |       0 |       1 |   0.0 |    23
               +---------+---------+-------+---------+---------+-------+---------
